 Dungeon Crawl Stone Soup version 0.22-a0-455-ga0624bf (webtiles) character file.

4048 KristoblXynda the Covert (level 10, -1/80 HPs)
             Began as a Naga Gladiator on June 5, 2018.
             Was a Follower of Ashenzari.
             Slain by an orc warrior
             ... wielding a +0 trident
              (15 damage)
             ... in a bailey.
             The game lasted 00:24:53 (8730 turns).

KristoblXynda the Covert (Naga Gladiator)           Turns: 8730, Time: 00:24:54

Health: -1/80      AC: 13    Str: 19    XL:     10   Next: 24%
Magic:  11/11      EV:  9    Int:  9    God:    Ashenzari [*.....]
Gold:   564        SH:  5    Dex: 16    Spells: 9/9 levels left

rFire    . . .     SeeInvis +   l - +0 scimitar
rCold    . . .     Gourm    .   y - +0 buckler (curse)
rNeg     . . .     Faith    .   w - +0 scale mail
rPois    +         Spirit   .   c - +0 helmet
rElec    .         Reflect  .   j - +0 cloak
rCorr    .         Harm     .   r - +2 pair of gloves {Dex+3} (curse)
MR       +....                  (no barding)
Stlth    +++.......             (no amulet)
HPRegen  0.23/turn              (no ring)
MPRegen  0.12/turn              (no ring)

@: very slow
A: large, see invisible, deformed body, poison resistance, slowness 2, slow
metabolism 1, spit poison 1, AC +3
a: Spit Poison, Curse Item, Scrying, Renounce Religion


You were in a bailey.
You worshipped Ashenzari.
Ashenzari was aware of your devotion.
You were hungry.

You visited 2 branches of the dungeon, and saw 9 of its levels.
You also visited: Bailey.

You collected 564 gold pieces.

Inventory:

Hand Weapons
 l - a +0 scimitar (weapon)
 C - a +0 spear
Missiles
 a - 5 javelins of returning (quivered)
 d - 3 throwing nets
Armour
 c - a +0 helmet (worn)
 j - a +0 cloak (worn)
 r - a cursed +2 pair of gloves of dexterity (worn)
 w - a +0 scale mail (worn)
 y - a cursed +0 buckler (worn)
Wands
 g - a wand of flame (6)
 p - a wand of clouds (2)
Scrolls
 e - 4 scrolls of teleportation
 i - 2 scrolls of remove curse
 k - a scroll of fear {unknown}
 n - a scroll of blinking {unknown}
 q - a scroll of random uselessness {unknown}
 t - a scroll of magic mapping {unknown}
 u - a scroll of brand weapon {unknown}
 x - a scroll of immolation {unknown}
 B - a scroll of noise {unknown}
Potions
 o - a potion of brilliance
 v - a potion of magic
 z - a potion of haste
 A - a potion of invisibility
Comestibles
 b - 4 chunks of flesh
 m - 12 rations


   Skills:
 - Level 2.0 Fighting
 + Level 10.0 Long Blades
 + Level 2.2 Throwing
 + Level 5.7 Armour
 - Level 3.0 Dodging
 + Level 10.4 Stealth
 + Level 2.6 Shields
 + Level 2.0 Evocations


You had 9 spell levels left.
You didn't know any spells.
Your spell library contained the following spells:

 Spells                   Type           Power        Failure   Level  Hunger
 Regeneration             Chrm/Necr      #.........   98%         3    ####...
 Shroud of Golubria       Chrm/Tloc      #.........   86%         2    ###....
 Infusion                 Chrm           #...         75%         1    ##.....
 Song of Slaying          Chrm           #.......     86%         2    ###....
 Spectral Weapon          Hex/Chrm       #.......     98%         3    ####...


Dungeon Overview and Level Annotations

Branches:
Dungeon (8/15)             Temple (1/1) D:7            Lair (0/6) D:8

Altars:
Ashenzari
Cheibriados
Dithmenos
Elyvilon
Fedhas
Gozag
Hepliaklqana
Kikubaaqudgha
Makhleb
Nemelex Xobeh
Okawaru
Qazlal
Ru
Sif Muna
Trog
Uskayaw
Vehumet
Wu Jian
Xom
Yredelemnul
Zin
The Shining One

Shops:
D:5 =


Innate Abilities, Weirdness & Mutations

You cannot wear boots.
Your serpentine skin is tough. (AC +3)
You have supernaturally acute eyesight. (SInv)
Armour fits poorly on your strangely shaped body.
Your system is resistant to poisons. (rPois)
You cover ground very slowly.
You have a slow metabolism.
You can spit poison.


Message History

Throwing (i - inventory. (/) - cycle)
f - a javelin (quivered)
Press: ? - help, Shift-Dir - straight line, f/p - orc warrior
Aim: an orc warrior, wielding a trident and wearing a plate armour (lightly wounded, confused)
You throw a javelin.
The javelin barely misses the orc warrior.
You have got your breath back.
Throwing (i - inventory. (/) - cycle)
a - 5 javelins of returning (quivered)
Press: ? - help, Shift-Dir - straight line, f/p - orc warrior
Aim: an orc warrior, wielding a trident and wearing a plate armour (lightly wounded, confused)
You throw a javelin of returning.
The javelin of returning hits the orc warrior but does no damage.
The orc warrior is lightly wounded.
The javelin of returning returns to your pack!
You hear a splash. x2
Your Long Blades skill increases to level 10!
You feel a bit more experienced.
The orc warrior seems less confused.
The orc warrior hits you but does no damage.
The orc warrior hits you with a trident!
You die...

..≈≈≈... .....(. .....
#(.(# #(..# #).(# #.(.#
#########'o'#########
##........@..........##
##........)............##
##.......⌠#######⌠.......##
#≈....#####.....#####....≈#
#≈...##...)≈≈≈≈≈....##...≈#
#≈...#.⌠.≈≈≈...≈≈≈.⌠.#...≈#
#≈...#..≈≈..≈.≈).≈≈..#...≈#
#≈.)⌠#.≈≈.≈≈≈.≈≈≈.≈≈.#⌠..≈#
#≈..##.≈.≈≈..)).≈≈.≈.##..≈#


You could see an orc warrior.

Vanquished Creatures
  Grinder (D:6)
  A hippogriff (D:7)
  Edmund (D:5)
  A black bear (D:7)
  An ice beast (D:6)
  9 orc warriors
  A phantom (D:7)
  A sky beast (D:6)
  4 ogres
  6 centaurs
  A bullfrog (D:6)
  2 scorpions
  2 electric eels (D:6)
  A howler monkey (D:5)
  3 bullfrog zombies
  2 crimson imps
  A quasit (D:6)
  2 centaur zombies
  12 orc priests
  Crazy Yiuf (D:6)
  4 hounds
  A jelly (D:5)
  5 orc wizards
  A worker ant (D:4)
  2 hound zombies
  A worker ant zombie (D:6)
  4 gnolls (D:8)
  5 adders
  A shadow imp (D:8)
  An ooze (D:3)
  3 worms
  3 adder skeletons
  A dart slug (D:1)
  5 leopard geckos
  41 orcs
  7 giant cockroaches
  8 goblins
  10 hobgoblins
  9 jackals
  9 kobolds
  8 quokkas
  10 bats
  5 frilled lizards
  2 quokka zombies
  9 rats
208 creatures vanquished.

Vanquished Creatures (others)
  10 plants (D:4)
10 creatures vanquished.

Grand Total: 218 creatures vanquished

Notes
Turn   | Place    | Note
-------+----------+-------------------------------------------
     0 | D:1      | KristoblXynda the Naga Gladiator began the quest for the Orb.
     0 | D:1      | Reached XP level 1. HP: 19/19 MP: 1/1
    72 | D:1      | Reached XP level 2. HP: 24/26 MP: 2/2
   549 | D:1      | Reached XP level 3. HP: 31/32 MP: 3/3
   920 | D:2      | Found a burning altar of Makhleb.
   928 | D:2      | Reached skill level 1 in Armour
   928 | D:2      | Reached XP level 4. HP: 9/39 MP: 4/4
  1571 | D:3      | Reached skill level 1 in Stealth
  1651 | D:3      | Found an iron altar of Okawaru.
  1651 | D:3      | Found a bloodstained altar of Trog.
  1711 | D:3      | Found a blossoming altar of Fedhas.
  1714 | D:3      | Found an ancient bone altar of Kikubaaqudgha.
  1804 | D:3      | Reached XP level 5. HP: 30/45 MP: 5/5
  2490 | D:4      | Found a shattered altar of Ashenzari.
  2519 | D:4      | Became a worshipper of Ashenzari the Shackled
  2690 | D:4      | Reached skill level 5 in Long Blades
  2690 | D:4      | Reached XP level 6. HP: 52/52 MP: 6/6
  3300 | D:5      | Entered Level 5 of the Dungeon
  3321 | D:5      | Reached XP level 7. HP: 58/60 MP: 7/7
  3488 | D:5      | Reached skill level 5 in Stealth
  3555 | D:5      | Noticed Edmund
  3590 | D:5      | Killed Edmund
  3922 | D:5      | Found Cearumor's Jewellery Emporium.
  4109 | D:5      | Found an opulent altar of Gozag.
  4110 | D:5      | Reached * piety under Ashenzari
  4147 | D:5      | Found a sacrificial altar of Ru.
  4234 | D:5      | Reached XP level 8. HP: 54/67 MP: 8/8
  4404 | D:5      | Found a basalt altar of Yredelemnul.
  5774 | D:6      | Noticed Grinder
  5778 | D:6      | Paralysed by Grinder for 3 turns
  5793 | D:6      | Paralysed by Grinder for 3 turns
  5808 | D:6      | Killed Grinder
  5808 | D:6      | Reached XP level 9. HP: 59/73 MP: 9/9
  5854 | D:6      | Found a runed door.
  5932 | D:6      | Noticed Crazy Yiuf
  5937 | D:6      | Killed Crazy Yiuf
  6620 | D:7      | Found a staircase to the Ecumenical Temple.
  6729 | D:7      | Reached skill level 5 in Armour
  7070 | D:7      | Reached skill level 1 in Shields
  7183 | D:7      | Found a sacrificial altar of Ru.
  7439 | Temple   | Entered the Ecumenical Temple
  7519 | D:8      | Found a staircase to the Lair.
  7731 | D:8      | Found a flagged portal.
  7738 | Bailey   | Entered a bailey
  7754 | Bailey   | Reached skill level 10 in Stealth
  7754 | Bailey   | Reached XP level 10. HP: 12/80 MP: 10/10
  7776 | Bailey   | Reached skill level 1 in Evocations
  8729 | Bailey   | Reached skill level 10 in Long Blades
  8730 | Bailey   | Slain by an orc warrior

Vault maps used:
D:1:      ncdulo_watergridlock
D:2:      makhleb_blood_cavern_becter
D:3:      amethyst_overflow_temple_binary,
          grunt_temple_overflow_growth_and_decay, first_ration, serial_forest,
          infiniplex_forest_clump_small, infiniplex_forest_clump_small,
          infiniplex_forest_straight_2, infiniplex_forest_pool,
          infiniplex_forest_clump_double, infiniplex_forest_end_3,
          infiniplex_forest_clump_medium, infiniplex_forest_lined_room_2,
          minmay_guardbox
D:4:      nicolae_ashenzari_panopticon, serial_bayou_lagoon_a
D:5:      cheibrodos_helix_gallery, overflow_temple_1_default,
          lemuel_doored_altar, nicolae_overflow_crystal_walls, serial_shops,
          shop, serial_park_tiny_2, uniq_edmund
D:6:      minmay_door_square, chequers_big_river, uniq_crazy_yiuf_cottage,
          uniq_grinder
D:7:      black_bear_nest_1, minmay_temple_entry_glass, grunt_ogre_cave,
          nicolae_ru_sacrificial_ziggurat
D:8:      lair_entry_dummy, serial_undead, serial_undead_e, serial_undead_c,
          serial_undead_b, serial_undead_f, enter_bailey_3, nrook_loot_triangle,
          uniq_grum, uniq_prince_ribbit1
Temple:   eino_temple_lava
Bailey:   bailey_polearm_flooded_kennysheep, bailey

Skill      XL: |  1  2  3  4  5  6  7  8  9 10 |
---------------+-------------------------------+-----
Throwing       | 2 |  2.2
Long Blades    | 4 5 6 8 9 10 | 10.0
Armour         | 1 2 3 4 5 |  5.7
Dodging        | 3 |  3.0
Stealth        | 1 3 4 5 8 10 | 10.4
Shields        | 2 |  2.6
Evocations     | 2 |  2.0
Fighting       | |  2.0

Action                   |  1- 3 |  4- 6 |  7- 9 | 10-12 || total
-------------------------+-------+-------+-------+-------++-------
Melee: Long sword        |    87 |   127 |   134 |       ||   348
       Scimitar          |       |       |   261 |    54 ||   315
       Spear             |       |       |       |     2 ||     2
Throw: Throwing net      |       |       |     3 |       ||     3
       Javelin           |       |       |       |    26 ||    26
Invok: Curse Item        |       |     1 |     1 |       ||     2
 Abil: Spit Poison       |     7 |    15 |    27 |    20 ||    69
Evoke: Wand              |       |       |    26 |     4 ||    30
  Use: Scroll            |       |     3 |     8 |     1 ||    12
       Potion            |       |       |     6 |     1 ||     7
 Stab: Sleeping          |       |     2 |       |       ||     2
       Confused          |       |       |     2 |       ||     2
       Held in net/web   |       |       |     2 |       ||     2
  Eat: Chunk             |       |     8 |     4 |     2 ||    14
       Ration            |       |       |     3 |       ||     3
Armor: Leather armour    |     4 |       |       |       ||     4
       Ring mail         |    37 |    67 |    44 |       ||   148
       Scale mail        |       |       |   168 |    18 ||   186
       Skin              |       |       |    17 |       ||    17
Dodge: Dodged            |    60 |    95 |   212 |    28 ||   395
Block: Buckler           |       |       |    29 |    12 ||    41
       Rpst.: Long sword |    21 |    34 |    21 |       ||    76
       Scimitar          |       |       |    25 |     6 ||    31

Table legend:
 A = Spawn XP
 B = Non-spawn XP
 C = Spawn XP percentage of total XP
 D = Spawn monster count
 E = Non-spawn monster count
 F = Spawn count percentage of total count
 G = Total turns spent on level
                    A         B        C        D         E        F      G
               +---------+---------+-------+---------+---------+-------+---------
         Total |       0 |    5784 |   0.0 |       0 |     208 |   0.0 |  8730
               +---------+---------+-------+---------+---------+-------+---------
           D:1 |       0 |      42 |   0.0 |       0 |      25 |   0.0 |   662
           D:2 |       0 |      85 |   0.0 |       0 |      17 |   0.0 |   890
           D:3 |       0 |      54 |   0.0 |       0 |      27 |   0.0 |   834
           D:4 |       0 |     363 |   0.0 |       0 |      17 |   0.0 |   914
           D:5 |       0 |     762 |   0.0 |       0 |      27 |   0.0 |  1580
           D:6 |       0 |    1644 |   0.0 |       0 |      28 |   0.0 |  1671
           D:7 |       0 |    1391 |   0.0 |       0 |      29 |   0.0 |   901
           D:8 |       0 |     232 |   0.0 |       0 |      13 |   0.0 |   219
        Bailey |       0 |    1211 |   0.0 |       0 |      25 |   0.0 |   992
               +---------+---------+-------+---------+---------+-------+---------
